 Dungeon Sprint DCSS version 0.28.0-53-g5a82cb258f (webtiles) character file.

Game seed: 12309962193316794768

3600000 Zeld the Conqueror (level 20, -70/181 HPs)
             Began as a Djinni Monk on May 27, 2022.
             Was the Champion of Makhleb.
             Annihilated by a destroyer
             ... wielding a +9 vorpal great sword
              (212 damage)
             ... in the Dungeon (Sprint VIII: "Arena of Blood").
             The game lasted 00:01:05 (36 turns).

Zeld the Conqueror (Djinni Monk)                      Turns: 36, Time: 00:01:06

Health: -70/181    AC:  2    Str: 16    XL:     20   Next: 85%
Gold:   0          EV: 30    Int: 13    God:    Makhleb [******] SH:  0 Dex: 18

rFire   + + .      SeeInvis .   g - +∞ Axe of Woe
rCold   x . .      Faith    .   (shield currently unavailable)
rNeg    . . .      Spirit   .   a - +0 robe
rPois   ∞          Reflect  .   (no helmet)
rElec   .          Harm     .   (no cloak)
rCorr   .          Rampage  .   (no gloves)
Will    ++...      NoTele   +   (boots unavailable)
Stlth   ++........              (no amulet)
HPRegen 0.40/turn               (no ring)
MPRegen 0.00/turn               (no ring)

@: unable to drink, flying
A: sickness immunity, fire resistance 2, cold vulnerability 1, float, innate
caster, HP casting, extra vitality 1
a: Renounce Religion, Minor Destruction, Lesser Servant of Makhleb, Major
Destruction, Greater Servant of Makhleb


You were in the Dungeon.
You worshipped Makhleb.
Makhleb was exalted by your worship.
You visited 1 branch

Inventory:

Hand Weapons
 g - the +∞ Axe of Woe (weapon)
   (You found it in the Dungeon)
Armour
 a - a +0 robe (worn)
Scrolls
 f - a scroll of blinking
Potions
 b - a potion of curing
 c - a potion of heal wounds
 d - a potion of haste
 e - a potion of berserk rage


   Skills:
 O Level 27 Fighting
 + Level 7.0(8.3) Short Blades
 + Level 7.0(8.3) Long Blades
 O Level 27 Axes
 + Level 6.3(19.3) Maces & Flails
 + Level 6.3(19.3) Polearms
 + Level 6.5(9.2) Staves
 + Level 5.9(7.1) Slings
 + Level 5.9 Bows
 + Level 5.9 Crossbows
 + Level 5.9(7.1) Throwing
 + Level 7.2 Armour
 O Level 27 Dodging
 - Level 1.5 Stealth
 + Level 7.2 Shields
 - Level 3.0 Unarmed Combat
 O Level 27 Spellcasting
 O Level 27 Invocations
 + Level 7.2 Evocations


You had 33 spell levels left.
You knew the following spells:

 Your Spells              Type           Power      Damage    Failure   Level
a - Beastly Appendage     Tmut           100%       N/A       0%          1
b - Corpse Rot            Necr/Air       100%       N/A       0%          2
c - Lesser Beckoning      Tloc           73%        N/A       0%          3
d - Summon Ice Beast      Ice/Summ       73%        N/A       0%          4
e - Summon Forest         Summ/Tloc      36%        N/A       0%          5
f - Summon Mana Viper     Hex/Summ       73%        N/A       0%          5
g - Dispersal             Tloc           36%        N/A       0%          6
h - Dragon Form           Tmut           36%        N/A       1%          7
i - Ozocubu's Refrigerat  Ice            36%        4d12      1%          7
Your spell library was empty.

Dungeon Overview and Level Annotations

Branches:
Dungeon (1/1)

Altars:
Makhleb


Innate Abilities, Weirdness & Mutations

You are immune to sickness and miasma.
You are immune to poison.
Your flesh is very heat resistant. (rF++)
You are vulnerable to cold. (rC-)
You float through the air rather than walking.
You learn spells naturally, not from books.
Your magical power is your life essence.
You have superior vitality. (+4 MHP)


Message History

Your Bows skill gained 4 levels and is now at level 4!
Your Crossbows skill gained 4 levels and is now at level 4!
Your base Throwing skill gained 4 levels and is now at level 4!
Your Armour skill gained 5 levels and is now at level 5!
Your Shields skill gained 5 levels and is now at level 5!
Your Evocations skill gained 5 levels and is now at level 5!
You cut the destroyer into ribbons!!!
You cleave the destroyer in twain.
You destroy the destroyer!
Makhleb accepts your kill.
You feel better.
You are engulfed in blazing flames.
You resist.
You hear a shout! x2
The bag of meat is engulfed in blazing flames.
A bag of meat comes into view. It is wielding a +9 war axe.
You hear a shout!
A meat berserker comes into view. It is wielding a +9 battleaxe.
Your base Short Blades skill gained 3 levels and is now at level 7!
Your base Long Blades skill gained 3 levels and is now at level 7!
Your base Maces & Flails skill gained 2 levels and is now at level 6!
Your base Polearms skill gained 2 levels and is now at level 6!
Your base Staves skill gained 2 levels and is now at level 6!
Your base Slings skill increases to level 5!
Your Bows skill increases to level 5!
Your Crossbows skill increases to level 5!
Your base Throwing skill increases to level 5!
Your Armour skill gained 2 levels and is now at level 7!
Your Shields skill gained 2 levels and is now at level 7!
Your Evocations skill gained 2 levels and is now at level 7!
Unknown command.
Unknown command.
Casting: Ozocubu's Refrigeration (safe; 1% risk of failure)
Confirm with . or Enter, or press ? or * to list all spells.
Aiming: Lesser Beckoning (safe; 0% risk of failure)
Press: ? - help, Shift-Dir - straight line, f - destroyer
Aim: a destroyer, wielding a +9 vorpal great sword and wearing a +200 ring of slaying (lightly damaged, 100% to hit)
The destroyer hurls suddenly forward!
You are engulfed in blazing flames.
You resist.
You hear a shout! x6
The destroyer hits you with a +9 vorpal great sword!!!!!
Ouch! That really hurt!
You die...

.. .. .. .. #.
.# #.. ..#
.###.. ..###.
O.....###......
......§_.......
....#o)V).#....
. #_)@)_# .
#.))).#
OoO.._.....
O°.o..###§.....
.###.. ..###.
#.. ..# #.. ..#
.. ..


You could see a destroyer, 4 meat berserkers and 3 bags of meat.

Vanquished Creatures
  2 vampire knights (D)
  9 ogres (D)
  A two-headed ogre (D)
  16 orcs (D)
28 creatures vanquished.

Vanquished Creatures (others)
  A snaplasher vine (D)
1 creature vanquished.

Grand Total: 29 creatures vanquished

Notes
Turn   | Place    | Note
-------+----------+-------------------------------------------
     0 | D        | Found the +∞ Axe of Woe
     0 | D        | Zeld the Djinni Monk began the quest for the Orb.
     0 | D        | Reached XP level 1. HP: 20/20 MP: 0/0
     2 | D        | Noticed a bag of meat
     4 | D        | Became a worshipper of Makhleb the Destroyer
     4 | D        | Reached * piety under Makhleb
     4 | D        | Reached ** piety under Makhleb
     5 | D        | Noticed a bag of meat
     5 | D        | Noticed a bag of meat
     6 | D        | Noticed a meat berserker
     6 | D        | Noticed a bag of meat
     7 | D        | Noticed a bag of meat
     8 | D        | Killed a bag of meat
     9 | D        | Reached XP level 2. HP: 40/40 MP: 0/0
     9 | D        | Reached XP level 3. HP: 45/45 MP: 0/0
     9 | D        | Learned a level 1 spell: Beastly Appendage
     9 | D        | Reached XP level 4. HP: 51/51 MP: 0/0
     9 | D        | Reached XP level 5. HP: 57/57 MP: 0/0
     9 | D        | Learned a level 2 spell: Corpse Rot
     9 | D        | Reached XP level 6. HP: 63/63 MP: 0/0
     9 | D        | Reached XP level 7. HP: 68/68 MP: 0/0
     9 | D        | Learned a level 3 spell: Lesser Beckoning
     9 | D        | Reached XP level 8. HP: 75/75 MP: 0/0
     9 | D        | Reached XP level 9. HP: 80/80 MP: 0/0
     9 | D        | Learned a level 4 spell: Summon Ice Beast
     9 | D        | Reached XP level 10. HP: 86/86 MP: 0/0
     9 | D        | Reached XP level 11. HP: 92/92 MP: 0/0
     9 | D        | Learned a level 5 spell: Summon Forest
     9 | D        | Noticed a bag of meat
    10 | D        | Killed a meat berserker
    10 | D        | Killed a bag of meat
    10 | D        | Noticed a meat berserker
    10 | D        | Noticed a bag of meat
    11 | D        | Reached XP level 12. HP: 85/106 MP: 0/0
    11 | D        | Reached XP level 13. HP: 89/112 MP: 0/0
    11 | D        | Learned a level 5 spell: Summon Mana Viper
    12 | D        | Killed a bag of meat
    12 | D        | Reached *** piety under Makhleb
    12 | D        | Killed a bag of meat
    13 | D        | Reached XP level 14. HP: 121/121 MP: 0/0
    13 | D        | Killed a bag of meat
    13 | D        | Noticed a meat berserker
    13 | D        | Noticed a meat berserker
    13 | D        | Noticed a bag of meat
    13 | D        | Noticed a bag of meat
    14 | D        | Killed a meat berserker
    14 | D        | Reached **** piety under Makhleb
    14 | D        | Noticed a meat berserker
    15 | D        | Reached skill level 15 in Axes
    15 | D        | Reached XP level 15. HP: 130/130 MP: 0/0
    15 | D        | Learned a level 6 spell: Dispersal
    15 | D        | Killed a meat berserker
    15 | D        | Noticed a meat berserker
    16 | D        | Reached skill level 15 in Spellcasting
    17 | D        | Reached XP level 16. HP: 141/141 MP: 0/0
    18 | D        | Killed a meat berserker
    18 | D        | Reached ***** piety under Makhleb
    18 | D        | Killed a meat berserker
    19 | D        | Reached XP level 17. HP: 152/152 MP: 0/0
    19 | D        | Learned a level 7 spell: Dragon Form
    19 | D        | Killed a meat berserker
    19 | D        | Noticed a large bag of meat
    21 | D        | Noticed a destroyer
    21 | D        | Noticed a destroyer
    22 | D        | Reached ****** piety under Makhleb
    22 | D        | Noticed a meat berserker
    23 | D        | Reached XP level 18. HP: 165/165 MP: 0/0
    24 | D        | Killed a large bag of meat
    24 | D        | Killed a destroyer
    24 | D        | Noticed a destroyer
    24 | D        | Noticed a meat berserker
    25 | D        | Reached skill level 27 in Fighting
    25 | D        | Reached skill level 27 in Dodging
    25 | D        | Reached XP level 19. HP: 158/174 MP: 0/0
    25 | D        | Learned a level 7 spell: Ozocubu's Refrigeration
    27 | D        | Noticed a meat berserker
    28 | D        | Noticed a large bag of meat
    29 | D        | Killed a meat berserker
    30 | D        | Reached skill level 27 in Axes
    30 | D        | Reached skill level 27 in Invocations
    31 | D        | Noticed a meat berserker
    31 | D        | Killed a meat berserker
    31 | D        | Killed a meat berserker
    32 | D        | Reached skill level 27 in Spellcasting
    32 | D        | Reached XP level 20. HP: 137/181 MP: 0/0
    33 | D        | Noticed a meat berserker
    35 | D        | Reached skill level 5 in Armour
    35 | D        | Reached skill level 5 in Shields
    35 | D        | Reached skill level 5 in Evocations
    35 | D        | Killed a destroyer
    35 | D        | Noticed a meat berserker
    36 | D        | Reached skill level 5 in Slings
    36 | D        | Reached skill level 5 in Bows
    36 | D        | Reached skill level 5 in Crossbows
    36 | D        | Reached skill level 5 in Throwing
    36 | D        | Annihilated by a destroyer

Illustrated notes

Levels and vault maps discovered:
D:        meatsprint

Skill      XL: |  1  2  3  4  5  6  7  8  9 10 11 12 13 14 15 16 17 18 19 20 |
---------------+-------------------------------------------------------------+-----
Fighting       | 13 17 18 20 21 23 26 27 | 27.0
Axes           | 9 13 14 15 17 20 23 26 27 | 27.0
Dodging        | 14 18 20 21 23 24 26 27 | 27.0
Spellcasting   | 8 11 13 14 15 17 19 20 27 | 27.0
Invocations    | 11 14 16 18 19 21 23 26 27 | 27.0
Short Blades   | 7 |  7.0
Long Blades    | 7 |  7.0
Maces & Flails | 6 |  6.3
Polearms       | 6 |  6.3
Staves         | 6 |  6.5
Slings         | 5 |  5.9
Bows           | 5 |  5.9
Crossbows      | 5 |  5.9
Throwing       | 5 |  5.9
Armour         | 7 |  7.2
Shields        | 7 |  7.2
Evocations     | 7 |  7.2
Stealth        | |  1.5
Unarmed Combat | |  3.0

Action                   |  1- 3 |  4- 6 |  7- 9 | 10-12 | 13-15 | 16-18 | 19-21 || total
-------------------------+-------+-------+-------+-------+-------+-------+-------++-------
Melee: Executioner's axe |     1 |       |       |     1 |     5 |     6 |     4 ||    17
 Cast: Summon Forest     |       |       |       |     1 |       |       |       ||     1
       Corpse Rot        |       |       |       |       |       |     1 |       ||     1
       Ozocubu's Refrige |       |       |       |       |       |       |     1 ||     1
       Dispersal         |       |       |       |       |       |       |     1 ||     1
       Lesser Beckoning  |       |       |       |       |       |       |     1 ||     1
Dodge: Dodged            |       |       |       |       |       |     1 |     1 ||     2
